 Dungeon Crawl Stone Soup version 0.29.1-4-g47bece8355 (webtiles) character file.

Game seed: 9941116766330124440

10531 trench the Spear-Bearer (level 11, -2/84 HPs)
             Began as a Black Draconian Fighter on Dec 5, 2022.
             Was a Priest of Hepliaklqana.
             Slain by a boulder beetle (35 damage)
             ... on level 9 of the Dungeon.
             The game lasted 00:46:41 (10899 turns).

trench the Spear-Bearer (Black Draconian Fighter)  Turns: 10899, Time: 00:46:42

Health: -2/84      AC:  9    Str: 35    XL:     11   Next: 37%
Magic:  14/14      EV: 14    Int:  9    God:    Hepliaklqana [***...]
Gold:   560        SH:  5    Dex: 10    Spells: 15/15 levels left

rFire   + + .      SeeInvis +   C - +9 spear "Nostipas" {pain, Contam rPois Str+6 SInv}
rCold   + . .      Faith    .   b - +0 buckler
rNeg    . . .      Spirit   .   (body armour unavailable)
rPois   +          Reflect  .   j - +1 hat
rElec   +          Harm     .   w - scarf {rC+ rF+}
rCorr   .          Rampage  .   f - +0 pair of gloves
Will    .....                   (no boots)
Stlth   +.........              (no amulet)
HPRegen 0.24/turn               h - +6 ring of strength
MPRegen 0.14/turn               I - ring of protection from fire

@: short of breath
A: reduced essence, breathe lightning, AC +7, unfitting armour, electricity
resistance, cold-blooded
a: Breathe Lightning, Renounce Religion, Recall Ancestor, Ancestor Identity,
Transference


You were on level 9 of the Dungeon.
You worshipped Hepliaklqana.
Hepliaklqana was most pleased with you.
You visited 3 branches of the dungeon, and saw 12 of its levels.

You collected 560 gold pieces.

Inventory:

Hand Weapons
 n - a +4 quarterstaff of chaos
 C - the +9 spear "Nostipas" (weapon) {pain, Contam rPois Str+6 SInv}
   (You found it on level 6 of the Dungeon)

   In the hands of one skilled in necromantic magic, it inflicts extra damage on
   living creatures.
   Str:       It affects your strength (+6).
   rPois:     It protects you from poison.
   SInv:      It lets you see invisible.
   Contam:    It causes magical contamination when unequipped.
 F - a +4 mace of freezing
Missiles
 l - 3 boomerangs (quivered)
 v - 11 poisoned darts
 z - 2 throwing nets
 K - a curare-tipped dart
Armour
 b - a +0 buckler (worn)
 f - a +0 pair of gloves (worn)
 j - a +1 hat (worn)
 w - a scarf of resistance (worn)
Jewellery
 h - a +6 ring of strength (left hand)
 I - a ring of protection from fire (right hand)
Wands
 p - a wand of roots (30)
 y - a wand of light (7)
 E - a wand of digging (7)
Scrolls
 a - 3 scrolls of identify
 d - 3 scrolls of blinking
 e - 7 scrolls of teleportation
 k - a scroll of fear
 o - a scroll of amnesia {unknown}
 q - a scroll of summoning {unknown}
 r - 2 scrolls of vulnerability
 x - a scroll of enchant weapon {unknown}
 B - a scroll of enchant armour {unknown}
 D - a scroll of magic mapping {unknown}
 G - a scroll of fog {unknown}
 H - 2 scrolls of poison {unknown}
Potions
 c - 5 potions of might
 g - a potion of ambrosia {unknown}
 i - a potion of resistance {unknown}
 m - a potion of lignification {unknown}
 s - 2 potions of brilliance
 t - a potion of cancellation {unknown}
 u - a potion of magic {unknown}
 A - a potion of flight {unknown}
 J - 3 potions of curing
 L - a potion of attraction {unknown}


   Skills:
 - Level 7.8 Fighting
 - Level 2.8(8.1) Axes
 - Level 11.8(12.0) Polearms
 + Level 7.7 Dodging
 + Level 8.4 Shields
 - Level 2.5 Spellcasting
 - Level 3.4 Air Magic


You had 15 spell levels left.
You didn't know any spells.
Your spell library contained the following spells:

 Spells                   Type           Power      Damage    Failure   Level
 Foxfire                  Conj/Fire      4%         2x1d4     36%         1
 Conjure Flame            Conj/Fire      1%         6-21      75%         3
 Gell's Gravitas          Tloc           1%         N/A       75%         3
 Inner Flame              Hex/Fire       1%         N/A       75%         3
 Lesser Beckoning         Tloc           1%         N/A       75%         3
 Teleport Other           Tloc           1%         N/A       75%         3
 Flame Wave               Conj/Fire      1%         2d4       98%         4


Dungeon Overview and Level Annotations

Branches:
Dungeon (9/15)             Temple (1/1) D:4            Lair (2/5) D:8
  Swamp: Lair:2-3    Shoals: Lair:2-3     Snake: Lair:2-3    Spider: Lair:2-3
    Orc: D:9-12

Altars:
Ashenzari
Dithmenos
Gozag
Hepliaklqana
Kikubaaqudgha
Makhleb
Okawaru
Sif Muna
Trog
Uskayaw
Vehumet
Wu Jian
Zin

Shops:
D:2 =   D:5 :


Innate Abilities, Weirdness & Mutations

Your life essence is reduced to manifest your ancestor. (-10% HP)
You can breathe wild blasts of lightning.
Your glossy black scales are hard. (AC +7)
You cannot fit into any form of body armour.
You are resistant to electric shocks. (rElec)
You are cold-blooded and may be slowed by cold attacks.


Message History

You hit the centaur. You tail-slap the centaur.
You kill the centaur!
You have got your breath back.
The bullfrog hits you but does no damage.
Izz hits the bullfrog with a +0 quarterstaff!
You hit the bullfrog.
You kill the bullfrog!
v - 11 poisoned darts (gained 3)
You see here a +0 short sword.
A boulder beetle comes into view.
You see here a +0 shortbow.
Activating: Breathe Lightning (3% risk of failure)
Press: ? - help, Dir - look around, f - activate You breathe a wild blast of lightning!
The orb of electricity explodes!
The orb of electricity engulfs you! You resist.
You hear a mighty clap of thunder!
You hear a loud, deep croak!
You hear a bellow! x2; You hear a howl!
You hear a loud, deep croak!
You hear a bellow! x2; You hear an angry hiss.
You hear a croak.
You hear a bellow! x2; You hear a shout!
The boulder beetle curls into a ball and begins rolling!
You now have 560 gold pieces (gained 18).
Izz hits the boulder beetle but does no damage.
The boulder beetle hits Izz!!
The boulder beetle stops rolling and uncurls.
Izz hits the boulder beetle but does no damage.
The boulder beetle bites you!!
Izz hits the boulder beetle with a +0 quarterstaff!
You block the boulder beetle's attack.
The boulder beetle attacks as you move away!
You block the boulder beetle's attack.
Izz hits the boulder beetle but does no damage.
The boulder beetle curls into a ball and begins rolling!
You see here a wyvern corpse.
Izz gestures at the boulder beetle while chanting.
The stone arrow hits the boulder beetle!
Izz points at the boulder beetle and mumbles some strange words.
The stone arrow hits the boulder beetle!
A centaur comes into view.
The boulder beetle hits you!!
You die...

.... .... .... #..# c#
....#######..#### #..#
....#..#..#..#R.#
.#..#.
.......#........#
......
#....)###...).°###.....
##........###.†°....##
#.........#.).B.....#
##.....#..#..#.@.#..#
#....(#######...# ##
####...#..# #...#
##.........# ......
#..##.....###.......#
#...............#.....
#.........#........#...
##.......#.....<.......
##.......#.....<.....#


You could see the friendly Izz the battlemage, a boulder beetle (rolling, ally
target) and a centaur.

Vanquished Creatures
  A black mamba (Lair:1)
  3 cane toads (Lair:1)
  A wyvern (D:9)
  Sigmund (D:3)
  16 yaks
  3 ice beasts
  2 black bears
  An ogre (D:6)
  3 centaurs
  A kobold brigand (D:8)
  4 bullfrogs
  A scorpion (D:4)
  3 necrophages
  A gnoll sergeant (D:8)
  7 wights
  4 orc priests
  5 hounds
  Crazy Yiuf (D:3)
  A jelly (D:5)
  Ijyb (D:5)
  3 orc wizards
  5 iguanas
  4 hell rats (Lair:1)
  Robin (D:3)
  7 gnolls
  8 adders
  A white imp (D:8)
  An ufetubus (D:4)
  4 worms
  4 dart slugs
  20 orcs
  7 ball pythons
  3 bats
  5 endoplasms
  2 giant cockroaches (D:3)
  17 goblins
  4 hobgoblins
  7 jackals
  9 kobolds
  3 quokkas (D:3)
  A frilled lizard (D:3)
  6 rats
182 creatures vanquished.

Vanquished Creatures (collateral kills)
  A black mamba (Lair:1)
  A polar bear (Lair:2)
  A troll (D:7)
  A shadow (D:8)
  12 yaks
  A steam dragon (D:8)
  A wyvern (D:7)
  2 black bears
  2 sky beasts (D:7)
  A centaur (D:6)
  3 wolves (Lair:1)
  A kobold brigand (D:9)
  3 bullfrogs
  2 wights (D:8)
  An iguana (D:5)
  An orc wizard (D:8)
  2 hell rats (Lair:1)
  A gnoll (D:8)
  2 adders (D:6)
  A shadow imp (D:8)
  6 orcs
  A goblin (D:5)
  3 kobolds (D:5)
  A butterfly (Lair:1)
51 creatures vanquished.

Vanquished Creatures (others)
  2 battlemagi
  An ufetubus (D:5)
  5 fungi
  5 plants
13 creatures vanquished.

Grand Total: 246 creatures vanquished

Notes
Turn   | Place    | Note
-------+----------+-------------------------------------------
     0 | D:1      | trench the Draconian Fighter began the quest for the Orb.
     0 | D:1      | Reached XP level 1. HP: 19/19 MP: 1/1
   335 | D:1      | Reached XP level 2. HP: 26/26 MP: 2/2
   427 | D:1      | Found a faded altar of an unknown god.
  1223 | D:2      | Reached XP level 3. HP: 33/33 MP: 3/3
  1655 | D:2      | Reached XP level 4. HP: 40/40 MP: 4/4
  1911 | D:2      | Found Kaelurr's Jewellery Shoppe.
  2341 | D:3      | Noticed Robin
  2356 | D:3      | Killed Robin
  2386 | D:3      | Noticed a black bear
  2421 | D:3      | Killed a black bear
  2422 | D:3      | Reached XP level 5. HP: 23/47 MP: 5/5
  2591 | D:3      | Noticed Sigmund
  2600 | D:3      | Killed Sigmund
  2601 | D:3      | Reached skill level 5 in Fighting
  2601 | D:3      | Reached XP level 6. HP: 53/56 MP: 6/6
  2630 | D:3      | Found a runed translucent door.
  2631 | D:3      | Noticed Crazy Yiuf
  2637 | D:3      | Killed Crazy Yiuf
  3284 | D:4      | Found a staircase to the Ecumenical Temple.
  3306 | Temple   | Entered the Ecumenical Temple
  3433 | Temple   | Became a worshipper of Hepliaklqana the Forgotten
  3514 | D:4      | Reached skill level 5 in Shields
  3548 | D:4      | Your scales start taking on a glossy black colour.
  3548 | D:4      | Reached XP level 7. HP: 40/62 MP: 7/7
  3548 | D:4      | Gained mutation: You are resistant to electric shocks.
                  | (rElec) [Black Draconian growth]
  4041 | D:5      | Entered Level 5 of the Dungeon
  4520 | D:4      | Reached skill level 5 in Dodging
  4952 | D:5      | Reached skill level 1 in Air Magic
  4991 | D:5      | Reached skill level 1 in Spellcasting
  5070 | D:5      | Reached XP level 8. HP: 60/71 MP: 9/9
  5243 | D:5      | Reached * piety under Hepliaklqana
  5466 | D:5      | Noticed Ijyb
  5471 | D:5      | Killed Ijyb
  5526 | D:5      | Found Igacwoics's Book Boutique.
  5574 | D:5      | Found an iron altar of Okawaru.
  5577 | D:5      | Found a broken altar of Ashenzari.
  5579 | D:5      | Found an opulent altar of Gozag.
  5634 | D:5      | Found a bloodstained altar of Trog.
  6132 | D:6      | Noticed an angel
  6133 | D:6      | Found a glowing silver altar of Zin.
  6474 | D:6      | Reached ** piety under Hepliaklqana
  6477 | D:6      | Remembered your ancestor Izz as a battlemage
  6785 | D:6      | Identified the +9 spear "Nostipas" {pain, Contam rPois
                  | Str+6 SInv}
  6912 | D:7      | Reached skill level 1 in Polearms
  6974 | D:7      | Reached skill level 2 in Polearms
  7097 | D:7      | Reached skill level 3 in Polearms
  7127 | D:7      | Reached XP level 9. HP: 70/72 MP: 12/12
  7141 | D:7      | Reached skill level 4 in Polearms
  7265 | D:7      | Reached skill level 5 in Polearms
  7286 | D:7      | Reached skill level 6 in Polearms
  7866 | D:8      | Reached skill level 7 in Polearms
  7961 | D:8      | Noticed a troll
  7973 | D:7      | Reached skill level 8 in Polearms
  7973 | D:7      | Killed a troll
  8257 | D:7      | Reached skill level 9 in Polearms
  8257 | D:7      | Reached XP level 10. HP: 65/79 MP: 13/13
  8442 | D:8      | Reached *** piety under Hepliaklqana
  8459 | D:8      | Found a staircase to the Lair.
  8482 | D:8      | Found a radiant altar of Vehumet.
  8691 | D:8      | Found a shimmering blue altar of Sif Muna.
  8872 | Lair:1   | Entered Level 1 of the Lair of Beasts
  8890 | Lair:1   | Reached skill level 10 in Polearms
  8969 | Lair:1   | Noticed a cane toad
  8979 | Lair:1   | Killed a cane toad
  8990 | Lair:1   | Reached skill level 11 in Polearms
  9080 | Lair:1   | Noticed a cane toad
  9090 | Lair:1   | Killed a cane toad
  9092 | Lair:1   | Noticed a black mamba
  9096 | Lair:1   | Killed a black mamba
  9159 | Lair:1   | Noticed a black mamba
  9194 | Lair:1   | Killed a black mamba
  9352 | Lair:1   | Reached XP level 11. HP: 43/84 MP: 14/14
  9534 | Lair:1   | Identified the +8 sling "Naotij" {flame, MP-9 Dex+5 SInv
                  | Stlth+}
 10537 | Lair:2   | Noticed a boulder beetle
 10888 | D:9      | Noticed a boulder beetle
 10899 | D:9      | Slain by a boulder beetle

Illustrated notes

Levels and vault maps discovered:
D:1:      saegor_arrival_fortress, layout_rooms,
          hellmonk_ecumenical_altar_blasted, chequers_garden
D:2:      layout_basic, serial_shops, nicolae_shop_waterfront
D:3:      layout_rooms, minmay_fractal_squares_5, uniq_robin, uniq_sigmund,
          uniq_crazy_yiuf_cottage
D:4:      layout_basic, minmay_temple_entry_arrows
D:5:      layout_loops_ring, trog_hazing_becter, grunt_temple_overflow_diamond,
          serial_shops, shop, st_stairs_6, uniq_ijyb
D:6:      layout_basic, zin_angel
D:7:      layout_basic, hangedman_decor_points
D:8:      layout_rooms, general_overflow_altar,
          mainiacjoe_overflow_small_starburst, lair_entry_dummy
D:9:      hangedman_cross_cluster, layout_cave_pools,
          lemuel_coloured_pillars_altar, elyvilon_altar_3,
          nicolae_overflow_crystal_walls, erik_orc_1
Temple:   hellmonk_temple_beads
Lair:1:   layout_regular_city, cheibrodos_lair_caveside_slide,
          lemuel_fruit_fields
Lair:2:   dpeg_oklob_shooting_range, layout_gridlike

Skill      XL: |  1  2  3  4  5  6  7  8  9 10 11 |
---------------+----------------------------------+-----
Dodging        | 3 4 5 6 7 |  7.7
Fighting       | 4 5 6 7 |  7.8
Shields        | 4 5 6 7 8 |  8.4
Air Magic      | 1 3 |  3.4
Spellcasting   | 1 2 |  2.5
Polearms       | 3 9 11 | 11.8
Axes           | |  2.8

Action                   |  1- 3 |  4- 6 |  7- 9 | 10-12 || total
-------------------------+-------+-------+-------+-------++-------
Melee: War axe           |    92 |    19 |       |       ||   111
       Tailslap          |    10 |    13 |    21 |    30 ||    74
       Dagger            |       |    23 |       |       ||    23
       Quarterstaff      |       |    61 |   115 |       ||   176
       Spear             |       |       |    49 |   190 ||   239
Throw: Boomerang         |       |       |       |     1 ||     1
Invok: Recall Ancestor   |       |       |     2 |       ||     2
       Ancestor Life: Ba |       |       |     1 |       ||     1
       Ancestor Identity |       |       |     1 |       ||     1
 Abil: Breathe Lightning |       |       |     9 |     7 ||    16
  Use: Potion            |       |     1 |       |       ||     1
       Scroll            |       |       |     6 |       ||     6
 Stab: Sleeping          |       |       |     1 |       ||     1
Armor: Skin              |    34 |    45 |    56 |    28 ||   163
Dodge: Dodged            |    69 |    75 |   150 |    59 ||   353
Block: Buckler           |    24 |    13 |    12 |    23 ||    72
